 Dungeon Crawl Stone Soup version 0.22.1-1-ga44c0e56f4 (webtiles) character file.

2646 LLavrengius the Fighter (level 9, 0/85 HPs)
             Began as a Green Draconian Wizard on Oct 9, 2018.
             Was an Elder of Kikubaaqudgha.
             Slain by Pikel
             ... wielding a +2 whip of electrocution
              (16 damage)
             ... on level 7 of the Dungeon.
             The game lasted 00:41:06 (6624 turns).

LLavrengius the Fighter (Green Draconian Wizard)    Turns: 6624, Time: 00:41:08

Health: 0/85       AC: 10    Str: 10    XL:     9   Next: 36%
Magic:  15/15      EV: 12    Int: 24    God:    Kikubaaqudgha [****..]
Gold:   492        SH:  0    Dex:  9    Spells: 8/16 levels left

rFire    . . .     SeeInvis .   k - +3 dagger (elec)
rCold    . . .     Gourm    .   (no shield)
rNeg     . . .     Faith    .   (armour unavailable)
rPois    +         Spirit   .   a - +0 hat
rElec    .         Reflect  .   (no cloak)
rCorr    .         Harm     .   l - +2 pair of gloves
MR       .....                  (no boots)
Stlth    ++........             (no amulet)
HPRegen  0.24/turn              (no ring)
MPRegen  0.14/turn              s - ring of wizardry

@: about to teleport, drained
A: breathe noxious fumes, unfitting armour, fangs 1, clever 1, poison
resistance, cold-blooded, AC +7
a: Breathe Noxious Fumes, Receive Corpses, Renounce Religion


You were on level 7 of the Dungeon.
You worshipped Kikubaaqudgha.
Kikubaaqudgha was greatly pleased with you.
You were very hungry.

You visited 1 branch of the dungeon, and saw 8 of its levels.
You also visited: Sewer.

You collected 492 gold pieces.

Inventory:

Hand Weapons
 d - a +0 mace
 j - a +0 hunting sling
 k - a +3 dagger of electrocution (weapon)
 F - a +0 hand crossbow
Missiles
 z - 10 tomahawks (quivered)
 C - 5 silver tomahawks
Armour
 a - a +0 hat (worn)
 l - a +2 pair of gloves (worn)
Magical Staves
 D - an uncursed staff of poison
Jewellery
 h - an uncursed ring of fire
 s - a ring of wizardry (right hand)
Wands
 f - a wand of acid (7)
Scrolls
 b - 2 scrolls of teleportation
 g - 2 scrolls of fog {unknown}
 m - 3 scrolls of remove curse {unknown}
 p - a scroll of immolation {unknown}
 u - a scroll of magic mapping
 x - 2 scrolls of identify {unknown}
 y - a scroll of amnesia {unknown}
 G - a scroll of enchant armour
Potions
 e - a potion of brilliance {unknown}
 i - a potion of lignification {unknown}
 n - 3 potions of heal wounds {unknown}
 o - 2 potions of cancellation {unknown}
 q - 3 potions of haste
 r - a potion of flight {unknown}
 v - a potion of might {unknown}
 w - 2 potions of curing {unknown}
 A - 2 potions of ambrosia {unknown}
 B - a potion of mutation
 E - a potion of resistance {unknown}
Comestibles
 c - 19 rations


   Skills:
 + Level 10.1(10.0) Fighting
 + Level 8.5(8.4) Short Blades
 - Level 1.7(1.6) Dodging
 - Level 1.7(1.6) Stealth
 - Level 4.0(3.9) Spellcasting
 - Level 4.1(4.0) Conjurations
 - Level 3.1(3.0) Summonings
 + Level 3.8(3.7) Necromancy
 - Level 1.0(0.9) Translocations


You had 8 spell levels left.
You knew the following spells:

 Your Spells              Type           Power        Failure   Level  Hunger
a - Magic Dart            Conj           ###.         1%          1    None
b - Blink                 Tloc           N/A          4%          2    #......
c - Call Imp              Summ           ###.....     1%          2    #......
d - Regeneration          Chrm/Necr      ##........   6%          3    ##.....

Your spell library contained the following spells:

 Spells                   Type           Power        Failure   Level  Hunger
 Pain                     Necr           ###.         1%          1    None
 Corpse Rot               Necr           N/A          1%          2    #......
 Sublimation of Blood     Necr           ###.......   1%          2    #......
 Conjure Flame            Conj/Fire      ##......     5%          3    ##.....
 Slow                     Hex            #.......     6%          2    #......
 Mephitic Cloud           Conj/Pois/Air  ##......     7%          3    ##.....
 Animate Dead             Necr           N/A          9%          4    ####...
 Agony                    Necr           ###.....     24%         5    ######.
 Dispel Undead            Necr           ###.....     24%         5    ######.
 Excruciating Wounds      Chrm/Necr      ##........   43%         5    ######.
 Simulacrum               Ice/Necr       ##........   93%         6    #######


Dungeon Overview and Level Annotations

Branches:
Dungeon (8/15)             Temple (0/1) D:5            Lair (0/6) D:8

Altars:
Ashenzari
Dithmenos
Gozag
Kikubaaqudgha
Makhleb
Sif Muna
Trog
Xom
Yredelemnul
The Shining One

Annotations:
D:7 Dowan, Duvessa, Pikel


Innate Abilities, Weirdness & Mutations

You can breathe blasts of noxious fumes.
Your lurid green scales are hard. (AC +7)
You cannot fit into any form of body armour.
Your system is resistant to poisons. (rPois)
You are cold-blooded and may be slowed by cold attacks.
You have very sharp teeth.
Your mind is acute. (Int +2)


Message History

Your crimson imp hits Pikel but does no damage.
You hear some strange, mumbled words.
A magic dart appears from out of thin air!
The magic dart hits you!
Pikel hits you with a whip of electrocution.
You closely miss Pikel.
Pikel is severely wounded.
The slave hits you.
* * * LOW HITPOINT WARNING * * *
Something hits you but does no damage.
A slave comes into view.
Pikel hits you but does no damage.
Your crimson imp misses Pikel.
As you read the scroll of teleportation, it crumbles to dust.
You feel strangely unstable. Something hits you but does no damage.
The slave hits your crimson imp!
Pikel hits you with a whip of electrocution!
* * * LOW HITPOINT WARNING * * *
You are electrocuted!
You die...
Kikubaaqudgha rasps: "You have failed me!
Welcome... death!"

#........# ##........ ##
#.......# #.####
#........ ### ....
##..##.### .... ##..# .p
#..##....
.....#..%###'####........
.....'.†5pp....+......#..
#){@Kp....#......#..
##).##.##.###...##.. #..#
######.. .... #.......
#..... #....... #......
#...#### #......#
#...##.. #......#
#....... #####'##..


You could see Pikel, 4 slaves and a friendly crimson imp.

Vanquished Creatures
  Sigmund (D:2)
  A hungry ghost (D:5)
  An ice beast (D:6)
  An orc warrior (D:6)
  Purgy (Sewer)
  A black bear (D:6)
  A sky beast (D:7)
  2 phantoms (D:8)
  2 ogres (D:6)
  3 centaurs
  2 bullfrogs (D:6)
  A water moccasin zombie (D:7)
  2 scorpions
  3 crimson imps
  A centaur zombie (D:6)
  4 hounds
  An orc priest (D:4)
  Ijyb (D:3)
  An iguana (D:4)
  3 orc wizards
  4 worker ants
  A hound zombie (D:6)
  Robin (D:3)
  A howler monkey skeleton (D:2)
  2 worker ant zombies
  7 gnolls
  9 adders
  A shadow imp (D:6)
  3 oozes
  2 adder skeletons
  3 worms
  A dart slug (D:1)
  4 leopard geckos
  23 orcs
  7 giant cockroaches
  8 hobgoblins
  6 quokkas
  3 ball pythons
  13 bats
  6 frilled lizards
  8 goblins
  8 kobolds
  8 rats
162 creatures vanquished.

Vanquished Creatures (collateral kills)
  A water moccasin (D:5)
  2 ogres
  A crimson imp (D:5)
  2 adders
  An ooze (D:2)
  A dart slug (D:4)
  2 orcs (D:4)
  A goblin (D:2)
  4 hobgoblins
  A bat (D:2)
  2 frilled lizards
18 creatures vanquished.

Grand Total: 180 creatures vanquished

Notes
Turn   | Place    | Note
-------+----------+-------------------------------------------
     0 | D:1      | LLavrengius the Draconian Wizard began the quest for the
                  | Orb.
     0 | D:1      | Reached XP level 1. HP: 14/14 MP: 4/4
   214 | D:1      | Reached skill level 1 in Fighting
   360 | D:1      | Reached XP level 2. HP: 23/23 MP: 4/6
   364 | D:1      | Learned a level 2 spell: Blink
   367 | D:1      | Learned a level 2 spell: Call Imp
   927 | D:1      | Reached XP level 3. HP: 29/29 MP: 3/7
  1189 | D:2      | Noticed Sigmund
  1283 | D:2      | Reached skill level 8 in Fighting
  1283 | D:2      | Reached XP level 4. HP: 9/48 MP: 1/8
  1284 | D:2      | Gained mutation: Your mind is acute. (Int +2) [potion of
                  | mutation]
  1284 | D:2      | Gained mutation: You have very sharp teeth. [potion of
                  | mutation]
  1287 | D:2      | HP: 1/48 [something (4)]
  1584 | D:2      | Killed Sigmund
  1584 | D:2      | Reached XP level 5. HP: 37/56 MP: 9/9
  1773 | D:2      | Reached XP level 6. HP: 57/62 MP: 10/10
  1818 | D:2      | Found a faded altar of an unknown god.
  1854 | D:2      | Became a worshipper of Kikubaaqudgha
  1854 | D:2      | Reached * piety under Kikubaaqudgha
  1854 | D:2      | Identified Kikubaaqudgha's Reference Book on Necromancy
                  | (Kikubaaqudgha gifted it to you on level 2 of the Dungeon)
  1854 | D:2      | Received a gift from Kikubaaqudgha
  2719 | D:3      | Found a glowing drain.
  2736 | Sewer    | Entered a sewer
  2775 | Sewer    | Noticed Purgy
  2945 | Sewer    | Killed Purgy
  3077 | D:3      | Found a shattered altar of Ashenzari.
  3191 | D:3      | Noticed Ijyb
  3206 | D:3      | Killed Ijyb
  3254 | D:3      | Your scales start taking on a lurid green colour.
  3254 | D:3      | Reached XP level 7. HP: 69/69 MP: 11/11
  3254 | D:3      | Gained mutation: Your system is resistant to poisons.
                  | (rPois) [Green Draconian growth]
  3322 | D:3      | Noticed Robin
  3324 | D:3      | Killed Robin
  3324 | D:3      | Reached ** piety under Kikubaaqudgha
  3394 | D:3      | Noticed a moth of wrath
  3396 | D:3      | Found a bloodstained altar of Trog.
  3439 | D:3      | Found a shimmering altar of Xom.
  3439 | D:3      | Found a burning altar of Makhleb.
  3670 | D:4      | Reached skill level 9 in Fighting
  4337 | D:4      | Reached *** piety under Kikubaaqudgha
  4337 | D:4      | Identified Kikubaaqudgha's Volume of Stolen Souls
                  | (Kikubaaqudgha gifted it to you on level 4 of the Dungeon)
  4337 | D:4      | Received a gift from Kikubaaqudgha
  4356 | D:4      | Learned a level 3 spell: Regeneration
  4383 | D:4      | Found a glowing golden altar of the Shining One.
  4383 | D:4      | Found a deep blue altar of Sif Muna.
  4567 | D:5      | Entered Level 5 of the Dungeon
  4591 | D:5      | Reached XP level 8. HP: 78/78 MP: 12/12
  4743 | D:5      | Reached skill level 1 in Necromancy
  4824 | D:5      | Found an opulent altar of Gozag.
  5075 | D:5      | Found an ancient bone altar of Kikubaaqudgha.
  5140 | D:5      | Found a staircase to the Ecumenical Temple.
  5272 | D:6      | Found a basalt altar of Yredelemnul.
  5272 | D:6      | Found a shadowy altar of Dithmenos.
  5662 | D:6      | Reached XP level 9. HP: 75/85 MP: 15/15
  5711 | D:6      | You fall through a shaft for 2 floors!
  5744 | D:8      | Reached skill level 10 in Fighting
  5773 | D:8      | Reached **** piety under Kikubaaqudgha
  5969 | D:7      | Noticed Duvessa
  5970 | D:7      | Noticed Dowan
  6605 | D:7      | Noticed Pikel
  6624 | D:7      | Slain by Pikel

Skill      XL: |  1  2  3  4  5  6  7  8  9 |
---------------+----------------------------+-----
Fighting       | 1 8 9 10 | 10.1
Conjurations   | 2 3 4 |  4.1
Short Blades   | 7 8 |  8.5
Summonings     | 2 3 |  3.1
Necromancy     | 3 |  3.8
Spellcasting   | 4 |  4.0
Dodging        | |  1.7
Stealth        | |  1.7
Translocations | |  1.0

Action                   |  1- 3 |  4- 6 |  7- 9 || total
-------------------------+-------+-------+-------++-------
Melee: Mace              |    27 |       |       ||    27
       Unarmed           |     6 |       |       ||     6
       Tailslap          |     4 |     5 |    23 ||    32
       Dagger            |    24 |   145 |   323 ||   492
       Bite              |       |     6 |    19 ||    25
 Cast: Magic Dart        |    28 |       |     9 ||    37
       Call Imp          |     7 |    16 |    32 ||    55
 Abil: Breathe Noxious F |       |       |     4 ||     4
  Use: Potion            |     1 |     2 |       ||     3
       Scroll            |       |     5 |     2 ||     7
 Stab: Sleeping          |       |     1 |     9 ||    10
       Distracted        |       |       |     2 ||     2
       Confused          |       |       |     1 ||     1
  Eat: Chunk             |     1 |     7 |    13 ||    21
Armor: Skin              |    24 |    50 |    90 ||   164
Dodge: Dodged            |    54 |    80 |   108 ||   242
